 Dungeon Crawl Stone Soup version 0.23-a0-484-g29ba69c (webtiles) character file.

30 mopl the Chucker (level 3, -2/33 HPs)
             Began as a Troll Hunter on Nov 30, 2018.
             Slain by Natasha (4 damage)
             ... on level 2 of the Dungeon.
             The game lasted 00:01:23 (783 turns).

mopl the Chucker (Troll Hunter)                      Turns: 783, Time: 00:01:24

Health: -2/33      AC:  5    Str: 20    XL:     3   Next: 5%
Magic:  2/2        EV: 10    Int:  7    God:
Gold:   27         SH:  0    Dex: 11    Spells: 2/2 levels left

rFire    . . .     SeeInvis .     - Unarmed
rCold    . . .     Gourm    +   (no shield)
rNeg     . . .     Faith    .   b - +0 robe
rPois    .         Spirit   .   j - +0 hat
rElec    .         Reflect  .   (no cloak)
rCorr    .         Harm     .   (gloves unavailable)
MR       +....                  (boots unavailable)
Stlth    +.........             (no amulet)
HPRegen  0.51/turn              g - ring of protection from magic
MPRegen  0.08/turn              (no ring)

@: no status effects
A: large, unfitting armour, claws 3, fast metabolism 3, gourmand, regeneration
1, shaggy fur 1, tough skin 2
a: no special abilities


You were on level 2 of the Dungeon.
You were very full.

You visited 1 branch of the dungeon, and saw 2 of its levels.

You collected 27 gold pieces.

Inventory:

Missiles
 c - 11 large rocks (quivered)
 d - 2 throwing nets
 i - 39 stones
 m - 3 tomahawks
 n - 7 poisoned needles
Armour
 b - a +0 robe (worn)
 j - a +0 hat (worn)
Jewellery
 g - a ring of protection from magic (left claw)
Scrolls
 a - a scroll of enchant weapon {unknown}
 e - a scroll of magic mapping {unknown}
 h - 2 scrolls of identify {unknown}
 k - a scroll of teleportation {unknown}
Comestibles
 f - 4 rations
 l - 3 chunks of flesh


   Skills:
 - Level 1.5 Fighting
 + Level 3.9 Throwing
 - Level 1.5 Dodging
 - Level 0.3 Stealth
 * Level 2.2 Unarmed Combat


You had 2 spell levels left.
You didn't know any spells.
Your spell library was empty.

Dungeon Overview and Level Annotations

Branches:
Dungeon (2/15)

Altars:

Annotations:
D:2 Natasha, Terence


Innate Abilities, Weirdness & Mutations

You are too large for most types of armour.
You have claws for hands.
Your metabolism is lightning-fast.
You like to eat raw meat.
Your natural rate of healing is unusually fast.
You are covered in fur. (AC +1)
You have very tough skin. (AC +2)


Message History

You barely miss Terence.
Terence is moderately wounded.
Terence hits you with a +0 mace.
You barely miss Terence.
Terence is moderately wounded.
Terence hits you but does no damage.
You scratch Terence but do no damage.
Terence is moderately wounded.
You scratch Terence but do no damage.
Terence is moderately wounded.
Terence hits you with a +0 mace.
You completely miss Natasha.
Terence bares his teeth.
Terence hits you with a +0 mace! Natasha claws you.
* * * LOW HITPOINT WARNING * * *
You completely miss Natasha. Natasha closely misses you.
Terence hits you with a +0 mace.
* * * LOW HITPOINT WARNING * * *
You closely miss Natasha. Natasha claws you.
You die...

#.# ..# ##.##
..# ...#... #
#.#####..#.#...
......>...(..#
.........#
........<#
.<####h#†# #@#g#
# #@#.#..###
#g.........
............####
.##########.# .#
#


You could see Terence, Natasha and a goblin.

Vanquished Creatures
  A dart slug (D:1)
  A leopard gecko (D:2)
  2 giant cockroaches (D:1)
  8 goblins (D:1)
  3 hobgoblins (D:1)
  A bat (D:1)
  2 frilled lizards (D:1)
  4 kobolds (D:1)
  2 rats (D:1)
24 creatures vanquished.

Notes
Turn   | Place    | Note
-------+----------+-------------------------------------------
     0 | D:1      | mopl the Troll Hunter began the quest for the Orb.
     0 | D:1      | Reached XP level 1. HP: 19/19 MP: 0/0
   123 | D:1      | Reached skill level 1 in Unarmed Combat
   159 | D:1      | Reached XP level 2. HP: 23/27 MP: 1/1
   679 | D:1      | Reached skill level 2 in Unarmed Combat
   716 | D:1      | Reached XP level 3. HP: 32/33 MP: 2/2
   757 | D:2      | Noticed Terence
   771 | D:2      | Noticed Natasha
   782 | D:2      | HP: 1/33 [Terence/+0 mace (6)]
   783 | D:2      | Slain by Natasha

Vault maps used:
D:1:      dpeg_arrival_oval
D:2:      good_gods_mini_temple, kennysheep_slug_shrine, lemuel_doored_altar,
          uniq_terence, uniq_natasha

Skill      XL: |  1  2 |
---------------+-------+-----
Unarmed Combat | 1 2 |  2.2
Fighting       | |  1.5
Throwing       | |  3.9
Dodging        | |  1.5
Stealth        | |  0.3

Action                   || total
-------------------------++-------
Melee: Unarmed           ||    69
       Punch             ||     1
  Eat: Chunk             ||    12
Armor: Robe              ||    19
Dodge: Dodged            ||    22

Table legend:
 A = Non-vault XP
 B = Vault XP
 C = Vault XP percentage of total XP
 D = Non-vault monster count
 E = Vault monster count
 F = Vault count percentage of total count
                 A         B        C        D         E       F
            +---------+---------+-------+---------+---------+-------
      Total |      44 |       0 |   0.0 |      24 |       0 |   0.0
            +---------+---------+-------+---------+---------+-------
        D:1 |      41 |       0 |   0.0 |      23 |       0 |   0.0
        D:2 |       3 |       0 |   0.0 |       1 |       0 |   0.0
            +---------+---------+-------+---------+---------+-------
